 Dungeon Crawl Stone Soup version 0.27.0-1-g7a089689b8 (webtiles) character file.

Game seed: 6639832801858671452

37 Sin92 the Skirmisher (level 3, -5/29 HPs)
             Began as a Demonspawn Fighter on Aug 5, 2021.
             Slain by a gnoll (13 damage)
             ... on level 3 of the Dungeon.
             The game lasted 00:03:30 (1340 turns).

Sin92 the Skirmisher (Demonspawn Fighter)           Turns: 1340, Time: 00:03:30

Health: -5/29      AC:  6    Str: 16    XL:     3   Next: 23%
Magic:  3/3        EV:  4    Int:  9    God:
Gold:   97         SH:  0    Dex: 13    Spells: 2/2 levels left

rFire    . . .     SeeInvis .   a - +0 long sword (freeze)
rCold    . . .     Faith    .   c - +0 kite shield
rNeg     . . .     Spirit   .   b - +0 scale mail
rPois    .         Reflect  .   (no helmet)
rElec    .         Harm     .   (no cloak)
rCorr    .         Rampage  .   (no gloves)
Will     .....                  (no boots)
Stlth    ..........             (no amulet)
HPRegen  0.09/turn              f - +4 ring of slaying
MPRegen  0.08/turn              (no ring)

@: mighty, held, hasted, very quick
A: sturdy frame 1
a: no special abilities


You were on level 3 of the Dungeon.
You visited 1 branch of the dungeon, and saw 3 of its levels.

You collected 97 gold pieces.

Inventory:

Hand Weapons
 a - a +0 long sword of freezing (weapon)
Armour
 b - a +0 scale mail (worn)
 c - a +0 kite shield (worn)
Jewellery
 e - an amulet of the acrobat
 f - a +4 ring of slaying (left hand)
Scrolls
 g - a scroll of enchant armour {unknown}


   Skills:
 + Level 3.2 Fighting
 * Level 2.3 Long Blades
 + Level 3.0 Armour
 + Level 0.8 Dodging
 + Level 2.9 Shields


You had 2 spell levels left.
You didn't know any spells.
Your spell library was empty.

Dungeon Overview and Level Annotations

Branches:
Dungeon (3/15)

Altars:


Innate Abilities, Weirdness & Mutations

Your movements are slightly less encumbered by armour. (ER -2)


Message History

The gnoll is almost dead.
The gnoll hits you with a +0 halberd!
You barely miss the gnoll.
The gnoll is almost dead.
You block the gnoll's attack.
The gnoll hits you but does no damage. x2
The gnoll hits you with a +0 spear.
There are monsters nearby!
Unknown command.
You are too injured to fight recklessly!
There are monsters nearby!
Unknown command.
You are too injured to fight recklessly!
There are monsters nearby!
You are too injured to fight recklessly!
Unknown command.
You are too injured to fight recklessly!
Unknown command.
There are monsters nearby!
You are too injured to fight recklessly!
There are monsters nearby!
Unknown command.
You are too injured to fight recklessly!
Unknown command.
There are monsters nearby!
You are too injured to fight recklessly!
There are monsters nearby!
You are too injured to fight recklessly!
The gnoll barely misses you.
The gnoll throws a throwing net.
The throwing net hits you.
You become entangled in the net!
You see here a throwing net.
You feel very mighty all of a sudden. The gnoll barely misses you.
The gnoll hits you from afar with a +0 spear.
You feel yourself speed up. The gnoll completely misses you.
The gnoll hits you from afar with a +0 spear.
* * * LOW HITPOINT WARNING * * *
You struggle against the net.
You struggle against the net.
The gnoll hits you from afar with a +0 halberd!
You die...

.##...#.# .# .#
.#.(.... .. .##
<##...# .#.# #. ..#
..##.##..... #.# ..#
...........# #.# ..#
..##.###.### #.##g.#
.###'## ###.#gg.#
###...## ..$#.# #
##.....## #.#@#.#
#.......## ##.....#
.........####....####
.........'............
.........####....#####
#.......## ##.#.#
##.....## ###.#
##...## #.. ##+# ...


You could see 3 gnolls.

Vanquished Creatures
  A dart slug (D:1)
  3 bats
  2 endoplasms
  2 giant cockroaches (D:2)
  A goblin (D:1)
  6 hobgoblins
  2 jackals (D:1)
  6 kobolds
  4 quokkas (D:2)
  2 ball pythons (D:2)
  A frilled lizard (D:1)
  A rat (D:2)
31 creatures vanquished.

Vanquished Creatures (others)
  22 plants
22 creatures vanquished.

Grand Total: 53 creatures vanquished

Notes
Turn   | Place    | Note
-------+----------+-------------------------------------------
     0 | D:1      | Sin92 the Demonspawn Fighter began the quest for the Orb.
     0 | D:1      | Reached XP level 1. HP: 18/18 MP: 1/1
   277 | D:1      | Gained mutation: Your movements are slightly less
                  | encumbered by armour. (ER -2) [demonic ancestry]
   277 | D:1      | Reached XP level 2. HP: 24/24 MP: 2/2
   869 | D:2      | Reached XP level 3. HP: 26/29 MP: 3/3
  1340 | D:3      | Slain by a gnoll

Illustrated notes

Levels and vault maps discovered:
D:1:      dpeg_arrival_signposts, layout_rooms, serial_forest,
          infiniplex_forest_straight_2, infiniplex_forest_end_1,
          infiniplex_forest_clump_small, infiniplex_forest_clump_large,
          infiniplex_forest_straight_3, infiniplex_forest_straight_5,
          infiniplex_forest_straight_2
D:2:      layout_basic, serial_bayou_lagoon_a
D:3:      layout_loops_corners, kennysheep_jessica_study

Skill      XL: |  1  2  3 |
---------------+----------+-----
Long Blades    | 2 |  2.3
Armour         | 3 |  3.0
Fighting       | |  3.2
Dodging        | |  0.8
Shields        | |  2.9

Action                   || total
-------------------------++-------
Melee: Long sword        ||    68
  Use: Scroll            ||     4
       Potion            ||     2
Armor: Scale mail        ||    35
Dodge: Dodged            ||    28
Block: Kite shield       ||    46
       Rpst.: Long sword ||     5
